 Dungeon Crawl Stone Soup version 0.31-a0-18-gea43df2a32 (webtiles) character file.

Game seed: 18284806614487490800

93 Gargoyl the Trooper (level 4, -4/29 HPs)
             Began as a Gargoyle Berserker on May 11, 2023.
             Was a Believer of Trog.
             Killed from afar by Natasha (14 damage)
             ... with a bolt of light
             ... on level 3 of the Dungeon.
             The game lasted 00:04:12 (1604 turns).

Gargoyl the Trooper (Gargoyle Berserker)            Turns: 1604, Time: 00:04:13

Health: -4/29      AC:  9    Str: 20    XL:     4   Next: 62%
Magic:  4/4        EV:  6    Int:  8    God:    Trog [**....]
Gold:   117        SH:  0    Dex: 11    Spells: 3/3 levels left

rFire   . . .        a - +1 hand axe
rCold   . . .        (no shield)
rNeg    + . .        j - +0 plate armour
rPois   ∞            (no helmet)
rElec   +            (no cloak)
rCorr   .            (no gloves)
SInv    .            (no boots)
Will    .....        (no amulet) Stlth
                     (no ring)
HPRegen 0.24/turn    (no ring)
MPRegen 0.09/turn

%: no passive effects
@: on berserk cooldown, flying
A: sickness immunity, AC +3, negative energy resistance 1, electricity
resistance, torment resistance 1, petrification resistance, big wings, deformed
body
a: Renounce Religion, Berserk, Trog's Hand


You were on level 3 of the Dungeon.
You worshipped Trog.
Trog was pleased with you.
You visited 1 branch of the dungeon, and saw 4 of its levels.

You collected 117 gold pieces.

Inventory:

Hand Weapons
 a - a +1 hand axe (weapon)
 e - a +4 whip
 m - a +0 trident
Armour
 b - a +0 animal skin
 j - a +0 plate armour (worn)
Jewellery
 f - a ring of resist corrosion
Wands
 l - a wand of flame (4)
Scrolls
 g - a scroll of vulnerability {unknown}
 i - a scroll of identify
Potions
 c - a potion of berserk rage {unknown}
 d - 2 potions of haste {unknown}
 h - a potion of curing {unknown}
 k - 2 potions of brilliance {unknown}


   Skills:
 + Level 4.1 Fighting
 + Level 3.4(3.5) Axes
 + Level 1.2(2.7) Maces & Flails
 + Level 2.5 Armour
 + Level 2.1 Dodging
 + Level 0.4 Stealth


You had 3 spell levels left.
You didn't know any spells.
Your spell library was empty.

Dungeon Overview and Level Annotations

Branches:
Dungeon (4/15)
 Temple: D:4-7

Altars:
Vehumet

Annotations:
D:3 Natasha


Innate Abilities, Weirdness & Mutations

You are immune to sickness and miasma.
Your stone body is resilient. (AC +3)
You are immune to poison.
You resist negative energy. (rN+)
You are resistant to electric shocks. (rElec)
You are resistant to unholy torment.
You are immune to petrification.
Your large and strong wings let you fly.
Armour fits poorly on your strangely shaped body.


Message History

You kill the goblin!
Trog accepts your kill. The orc hits you with a +0 trident.
The orc hits you but does no damage.
You barely miss the orc.
The orc is almost dead.
You feel the effects of Trog's Hand fading.
An adder comes into view.
The orc hits you but does no damage. The orc hits you with a +0 trident.
The adder moves out of view.
You barely miss the orc.
The orc is almost dead.
The orc hits you but does no damage. x2
The adder hisses angrily.
You slash the orc!
You kill the orc!
Trog accepts your kill.
Your skin stops crawling.
You feel less strong-willed.
You see here a +0 trident.
m - a +0 trident Natasha, Servant of Life and Death comes into view.
She is carrying a wand of light (9).
Natasha moves out of view.
The adder barely misses you. The adder bites you but does no damage.
You closely miss the adder. The adder bites you but does no damage.
The adder bites you.
Natasha hisses angrily.
You hit the adder.
The adder is heavily wounded.
You feel yourself speed up. The adder barely misses you.
The adder bites you but does no damage.
You miss the adder.
The adder is heavily wounded.
The adder bites you but does no damage.
Natasha wildly gestures.
You feel disoriented. Natasha claws you.
The adder bites you but does no damage.
You barely miss the adder.
The adder is heavily wounded.
You hit Natasha but do no damage. The adder barely misses you.
Natasha zaps a wand.
The bolt of light hits you!
You die...

#...........
#........#.#
##........#.## .
#!...........# ##..
#.##.......#.....
###)##...#...#.....
#..†)>....).......#
...........#.h)#.......
#####.##.#...S@..#.##
#. #.#...#...# #.
#............. .
................ .
.......#......##
....?..#...####
.......#...#
............


You could see Natasha and an adder.

Vanquished Creatures
  A gnoll (D:1)
  An adder (D:2)
  A worm (D:2)
  5 dart slugs
  4 orcs (D:3)
  5 endoplasms
  2 giant cockroaches
  4 goblins
  6 hobgoblins
  2 jackals (D:2)
  3 quokkas
  6 ball pythons (D:1)
  3 bats
  4 frilled lizards
  3 kobolds (D:1)
  4 rats
54 creatures vanquished.

Notes
Turn   | Place    | Note
-------+----------+-------------------------------------------
     0 | D:1      | Gargoyl the Gargoyle Berserker began the quest for the Orb.
     0 | D:1      | Reached XP level 1. HP: 14/14 MP: 1/1
     5 | D:1      | Found a faded altar of an unknown god.
    66 | D:1      | Reached XP level 2. HP: 14/19 MP: 2/2
   243 | D:1      | Reached XP level 3. HP: 24/24 MP: 3/3
   669 | D:1      | Reached ** piety under Trog
   726 | D:1      | Reached skill level 4 in Fighting
   892 | D:2      | Gained mutation: Your large and strong wings let you fly.
                  | [potion of mutation]
   892 | D:2      | Gained mutation: Armour fits poorly on your strangely
                  | shaped body. [potion of mutation]
  1195 | D:2      | Reached XP level 4. HP: 28/29 MP: 4/4
  1553 | D:2      | You are sucked into a shaft and drop 2 floors!
  1558 | D:3      | Found a radiant altar of Vehumet.
  1568 | D:3      | Reached skill level 1 in Maces & Flails
  1599 | D:3      | Noticed Natasha
  1604 | D:3      | Killed from afar by Natasha

Illustrated notes

Levels and vault maps discovered:
D:1:      wander_arrival_peaceful_grave, layout_basic,
          chequers_ecumenical_altar_island
D:2:      layout_basic
D:3:      layout_basic, vehumet_altar_wand_db, serial_shops, nicolae_shop_stone,
          uniq_natasha
D:4:      layout_rooms, nicolae_wormholes

Skill      XL: |  1  2  3  4 |
---------------+-------------+-----
Axes           | 3 |  3.4
Fighting       | 4 |  4.1
Dodging        | 2 |  2.1
Maces & Flails | 1 |  1.2
Armour         | |  2.5
Stealth        | |  0.4

Action                     |  1- 3 |  4- 6 || total
---------------------------+-------+-------++-------
  Melee: Hand axe          |    36 |    31 ||    67
         Whip              |    54 |     9 ||    63
         Punch             |     1 |       ||     1
 Invoke: Berserk           |     1 |     1 ||     2
         Trog's Hand       |       |     2 ||     2
    Use: Scroll            |     3 |     2 ||     5
         Potion            |     1 |       ||     1
   Stab: Sleeping          |     1 |       ||     1
 Armour: Animal skin       |    28 |       ||    28
         Plate armour      |     1 |    29 ||    30
  Dodge: Dodged            |    56 |    18 ||    74

Table legend: (Time is in decaauts)
 A = Elapsed time spent in this place.
 B = Non-inter-level travel time spent in this place.
 C = Inter-level travel time spent in this place.
 D = Time resting spent in this place.
 E = Time spent auto-exploring this place.
 F = Levels seen in this place.
 G = Mean time per level.
                   A        B        C        D        E       F      G
               +--------+--------+--------+--------+--------+-----+--------+
         Total |   1636 |   1594 |     42 |      0 |   1082 |   4 |  409.0 |
       Dungeon |   1636 |   1594 |     42 |      0 |   1082 |   4 |  409.0 |
               +--------+--------+--------+--------+--------+-----+--------+

Top non-repeatable levels by time:
     D:1: 906 daAuts
     D:2: 667 daAuts
     D:3: 57 daAuts
     D:4: 4 daAuts
